 Dungeon Crawl Stone Soup version 0.19-a0-1218-gcd7aee6 (webtiles) character file.

592 Banto the Conjurer (level 7, -5/36 HPs)
             Began as a Deep Elf Fire Elementalist on Aug 24, 2016.
             Was an Initiate of Vehumet.
             Killed from afar by 2tc's ghost (22 damage)
             ... with a spray of energy
             ... on level 5 of the Dungeon.
             The game lasted 00:14:13 (4745 turns).

Banto the Conjurer (Deep Elf Fire Elementalist)     Turns: 4745, Time: 00:14:14

Health: -5/36      AC:  9    Str:  5    XL:     7   Next: 16%
Magic:  1/17       EV: 13    Int: 22    God:    Vehumet [......]
Gold:   224        SH:  0    Dex: 17    Spells: 5 memorised, 2 levels left

rFire  + . .     SeeInvis .     m - +3 flail (protect)
rCold  x . .     Gourm    .     a - +0 robe
rNeg   . . .     Faith    .     (no shield)
rPois  .         Spirit   .     (no helmet)
rElec  .         Dismiss  +     k - +1 cloak (curse)
rCorr  .         Reflect  .     (no gloves)
MR     .....     Harm     .     (no boots)
Stlth  ++........               t - amulet of dismissal
                                y - +2 ring of dexterity
                                h - ring of fire

@: drained
A: no striking features
a: Renounce Religion


You were on level 5 of the Dungeon.
You worshipped Vehumet.
Vehumet was noncommittal.
You were not hungry.

You visited 2 branches of the dungeon, and saw 6 of its levels.

You collected 224 gold pieces.

Inventory:

Hand Weapons
 m - a +3 flail of protection (weapon)
Missiles
 o - 2 throwing nets (quivered)
Armour
 a - a +0 robe (worn)
 k - a cursed +1 cloak (worn)
Jewellery
 h - a ring of fire (left hand)
 t - an amulet of dismissal (around neck)
 y - a +2 ring of dexterity (right hand)
Wands
 e - a wand of paralysis (13/24)
 p - a wand of acid (15/15)
 w - a wand of paralysis (15/24)
Scrolls
 r - a scroll of magic mapping
 s - a scroll of fog
Potions
 j - 2 potions of flight
 n - a potion of brilliance
 q - 2 potions of heal wounds
 x - a potion of cancellation
 A - 2 potions of curing {unknown}
Books
 b - a book of Flames

   Spells                             Type                      Level
   a - Flame Tongue                   Conjuration/Fire             1
   b - Throw Flame                    Conjuration/Fire             2
   c - Conjure Flame                  Conjuration/Fire             3
   d - Inner Flame                    Hexes/Fire                   3
   e - Sticky Flame                   Conjuration/Fire             4
   f - Fireball                       Conjuration/Fire             5
 l - a book of the Earth

   Spells                             Type                      Level
   a - Leda's Liquefaction            Hexes/Earth                  4
   b - Bolt of Magma                  Conjuration/Fire/Earth       5
   c - Statue Form                    Transmutation/Earth          6
   d - Iron Shot                      Conjuration/Earth            6
   e - Shatter                        Earth                        9
Comestibles
 c - 3 bread rations
 d - 3 fruits
 f - 4 meat rations
 i - 2 slices of pizza
 u - 2 chunks of flesh
 v - a beef jerky


   Skills:
 - Level 2.4(2.2) Dodging
 - Level 2.4(2.2) Stealth
 + Level 5.8(5.6) Spellcasting
 * Level 6.3(6.1) Conjurations
 + Level 5.0(4.8) Fire Magic


You had 2 spell levels left.
You knew the following spells:

 Your Spells              Type           Power        Failure   Level  Hunger
a - Flame Tongue          Conj/Fire      #####        1%          1    None
b - Throw Flame           Conj/Fire      #####.       1%          2    None
c - Conjure Flame         Conj/Fire      #####...     3%          3    ##.....
d - Sticky Flame          Conj/Fire      #####...     12%         4    ####...
e - Fireball              Conj/Fire      #####.....   34%         5    #####..


Dungeon Overview and Level Annotations

Branches:
Dungeon (5/15)             Temple (1/1) D:4

Altars:
Ashenzari
Cheibriados
Dithmenos
Hepliaklqana
Nemelex Xobeh
Okawaru
Vehumet
Yredelemnul
Zin

Annotations:
D:5 2tc's ghost, novice DrCj


Message History

2tc's ghost gestures at you while chanting.
The orb of energy hits you!
The orb of energy explodes!
You miss 2tc's ghost. 2tc's ghost is almost destroyed.
You feel less woody.
Your cursed +1 cloak unmelds from your body.
Your +0 robe unmelds from your body. 2tc's ghost hits you.
You now have 16/36 hp.
Casting: Flame Tongue
Confirm with . or Enter, or press ? or * to list all spells.
Aiming: Flame Tongue
Press: ? - help, Shift-Dir - straight line, f/p - 2tc's ghost
Aim: 2tc's ghost (almost destroyed)
You feel a surge of power!
The flame tongue hits 2tc's ghost. 2tc's ghost appears unharmed. 2tc's ghost is almost destroyed. 2tc's ghost points at you and mumbles some strange words.
The spray of energy hits you!
Ouch! That really hurt!
You die...

#.# #.# #.# #.# #.# #.#
#.# #.# #####.# #.#
##.## #.....# #.#
##.#.###.##### #.#
##.###.##.# #.# ##.##
##.#.# #.# #.## ##..#
#.######.## ##..@#
..........###.#.W#
..####.###.#.##..# ..#
#............#
.####<.######.#.##
.......#####.###.#####.#
.##.....P..........††.g.
.##....≈≈≈≈≈≈≈≈≈≈≈≈≈≈≈≈≈
.##....≈≈≈≈W≈≈≈≈≈≈≈≈≈≈≈≈


You could see 2tc's ghost.

Vanquished Creatures
  The ghost of 2tc the Slasher, an amateur DsAK of Lugonu (D:3)
  A centaur (D:5)
  2 orc wizards (D:4)
  A worker ant (D:4)
  11 gnolls
  5 adders
  2 oozes
  An adder skeleton (D:3)
  3 worms
  3 dart slugs (D:2)
  3 giant geckos
  13 orcs
  2 ball pythons
  8 bats
  5 giant cockroaches
  15 goblins
  10 hobgoblins
  14 jackals (D:5)
  4 kobolds
  A quokka (D:4)
  A giant gecko skeleton (D:4)
  8 giant newts
  6 rats
120 creatures vanquished.

Notes
Turn   | Place    | Note
-------+----------+-------------------------------------------
     0 | D:1      | Banto the Deep Elf Fire Elementalist began the quest for the Orb.
     0 | D:1      | Reached XP level 1. HP: 10/10 MP: 6/6
   309 | D:1      | Reached XP level 2. HP: 15/15 MP: 6/8
   468 | D:1      | Reached skill level 2 in Conjurations
   877 | D:2      | Reached XP level 3. HP: 19/19 MP: 1/9
   996 | D:2      | Found a shadowy altar of Dithmenos.
  1066 | D:1      | Reached skill level 3 in Conjurations
  1070 | D:1      | Learned a level 2 spell: Throw Flame
  1074 | D:1      | Learned a level 3 spell: Conjure Flame
  1275 | D:2      | Reached XP level 4. HP: 24/24 MP: 1/11
  1747 | D:2      | Learned a level 4 spell: Sticky Flame
  1903 | D:2      | Reached skill level 4 in Conjurations
  1912 | D:2      | Reached XP level 5. HP: 25/28 MP: 1/13
  2076 | D:2      | Found a faded altar of an unknown god.
  2565 | D:3      | Noticed 2tc's ghost (amateur DsAK)
  2575 | D:3      | Killed 2tc's ghost
  2575 | D:3      | Reached skill level 5 in Conjurations
  2575 | D:3      | Reached XP level 6. HP: 32/32 MP: 4/15
  2977 | D:4      | Reached skill level 5 in Spellcasting
  3375 | D:4      | Found a staircase to the Ecumenical Temple.
  3446 | Temple   | Entered the Ecumenical Temple
  3647 | Temple   | Became a worshipper of Vehumet
  4049 | D:5      | Entered Level 5 of the Dungeon
  4106 | D:5      | Noticed 2tc's ghost (novice DrCj)
  4185 | D:5      | Learned a level 5 spell: Fireball
  4254 | D:5      | Reached skill level 6 in Conjurations
  4254 | D:5      | Reached XP level 7. HP: 7/36 MP: 10/17
  4712 | D:5      | Reached skill level 5 in Fire Magic
  4745 | D:5      | Killed from afar by 2tc's ghost

Vault maps used:
D:1:      kennysheep_arrival_forest
D:2:      grunt_dithmenos_smoke_and_mirrors, ecumenical_altar_1,
          minmay_split_cup_small
D:3:      first_bread, hangedman_feature_mirror, kennysheep_generic_room_2
D:5:      lemuel_castle_with_subvaults, minmay_misc_feat_nine_boxes
Temple:   regret_index_temple_sphere_string

Skill      XL: |  1  2  3  4  5  6  7 |
---------------+----------------------+-----
Conjurations   | 2 3 4 5 6 |  6.3
Fire Magic     | 4 5 |  5.0
Spellcasting   | 4 5 |  5.8
Dodging        | |  2.4
Stealth        | |  2.4

Action                   |  1- 3 |  4- 6 |  7- 9 || total
-------------------------+-------+-------+-------++-------
Melee: Dagger            |     5 |     1 |       ||     6
       Flail             |       |   148 |    13 ||   161
 Cast: Flame Tongue      |    48 |    93 |    30 ||   171
       Throw Flame       |     2 |     9 |     1 ||    12
       Conjure Flame     |       |     3 |       ||     3
       Sticky Flame      |       |     5 |       ||     5
  Use: Scroll            |     7 |     7 |       ||    14
       Potion            |       |     2 |     1 ||     3
 Stab: Sleeping          |     2 |     4 |     1 ||     7
  Eat: Chunk             |     1 |    11 |     1 ||    13
Armor: Robe              |     3 |    70 |     7 ||    80
       Skin              |       |    53 |    18 ||    71
Dodge: Dodged            |    25 |   178 |    12 ||   215

Table legend:
 A = Turns spent in this place as a percentage of turns spent in the entire game.
 B = Non-inter-level travel turns spent in this place as a percentage of non-inter-level travel turns spent in the entire game.
 C = Inter-level travel turns spent in this place as a percentage of turns spent in this place.
 D = Turns resting spent in this place as a percentage of non-inter-level travel turns spent in this place.
 E = Turns spent auto-exploring this place as a percentage of non-inter-level travel turns spent in this place.
 F = Non-inter-level travel turns spent in this place divided by the number of levels of this place that you've seen.
                   A       B       C       D       E      F
               +-------+-------+-------+-------+-------+----------------------
         Total | 100.0 | 100.0 |   0.7 |   4.7 |   9.0 | 221.0
       Dungeon |  98.6 |  98.6 |   0.7 |   4.5 |   8.6 | 261.6
        Temple |   1.4 |   1.4 |   5.3 |  16.7 |  38.9 |  18.0
               +-------+-------+-------+-------+-------+----------------------

Table legend:
 A = Kills in this place as a percentage of kills in entire the game.
 B = Kills by you in this place as a percentage of kills by you in the entire game.
 C = Kills by friends in this place as a percentage of kills by friends in the entire game.
 D = Other kills in this place as a percentage of other kills in the entire game.
 E = Experience gained in this place as a percentage of experience gained in the entire game.
 F = Experience gained in this place divided by the number of levels of this place that you have seen.
                   A       B       C       D       E      F
               +-------+-------+-------+-------+-------+----------------------
         Total | 100.0 | 100.0 |  -nan |  -nan | 100.0 | 141.0
       Dungeon | 100.0 | 100.0 |  -nan |  -nan | 100.0 | 169.2
               +-------+-------+-------+-------+-------+----------------------
